[Event "Titled Tuesday Blitz November 14 Early 2023"]
[White "Skatchkov, Valery"]
[Black "PoXerStar"]
[WhiteFideId "24195812"]
[WhiteElo "2594"]
[BlackElo "2431"]
[Result "1-0"]
[Round "5"]
[TimeControl "180+1"]
[Date "2023.11.14"]
[WhiteClock "0:00:12"]
[BlackClock "0:00:00"]
[Board "112"]

1. d4 Nf6 2. c4 e6 3. Nf3 d5 4. g3 dxc4 5. Bg2 a6 6. Ne5 c5 7. dxc5 Qxd1+ 8. Kxd1 Bxc5 9. Nxc4 Ke7 10. Nc3 Rd8+ 11. Bd2 Ra7 12. a4 b6 13. Kc2 Bb7 14. Bxb7 Rxb7 15. Be3 Nc6 16. Rad1 Nd4+ 17. Kb1 Rbd7 18. Ne5 Rc7 19. Bf4 Rcc8 20. Rd3 Nb3 21. Rhd1 Rxd3 22. Rxd3 h6 23. g4 g5 24. Bg3 Bd4 25. Kc2 Bxc3 26. Kxb3 Bxe5 27. Bxe5 Nd5 28. e4 Nf4 29. Rd6 b5 30. a5 1-0


[Site "https://www.chess.com"]

[Event "Titled Tuesday Blitz November 14 Early 2023"]
[White "Tasev, Dejan"]
[Black "Osinovsky, Stepan"]
[WhiteFideId "936618"]
[BlackFideId "4157354"]
[WhiteElo "2581"]
[BlackElo "2428"]
[Result "1-0"]
[Round "5"]
[TimeControl "180+1"]
[Date "2023.11.14"]
[WhiteClock "0:00:27"]
[BlackClock "0:00:00"]
[Board "113"]

1. e4 e5 2. Nf3 Nc6 3. Bc4 Nf6 4. d3 Be7 5. Nc3 O-O 6. h3 h6 7. Be3 Nb4 8. a3 d5 9. exd5 Nbxd5 10. Bd2 Nf4 11. Bxf4 exf4 12. O-O c6 13. Re1 Bd6 14. Bb3 Bf5 15. Ne4 Bc7 16. Nxf6+ Qxf6 17. c3 g5 18. Nd4 Bd7 19. Qf3 Kg7 20. Re2 Rae8 21. Rae1 Rxe2 22. Rxe2 Re8 23. Rxe8 Bxe8 24. Qe4 Bd7 25. Bc2 h5 26. Nb3 1-0


[Site "https://www.chess.com"]

[Event "Titled Tuesday Blitz November 14 Early 2023"]
[White "YouShallNotPass001"]
[Black "Statham_l3"]
[WhiteElo "2425"]
[BlackElo "2581"]
[Result "1-0"]
[Round "5"]
[TimeControl "180+1"]
[Date "2023.11.14"]
[WhiteClock "0:00:45"]
[BlackClock "0:00:00"]
[Board "114"]

1. Nf3 d5 2. e3 Nf6 3. d4 Bf5 4. Nbd2 e6 5. Be2 Bd6 6. O-O O-O 7. Nh4 Nbd7 8. c4 c6 9. b4 Ne4 10. Nxf5 exf5 11. Qb3 Ndf6 12. b5 dxc4 13. Nxc4 Bc7 14. Ba3 Re8 15. Rfd1 Ng4 16. Bxg4 fxg4 17. Ne5 Qf6 18. f4 gxf3 19. Nxf3 Ng5 20. Rf1 Qh6 21. Nxg5 Bxh2+ 22. Kh1 Bf4+ 23. Nh3 Rxe3 24. Rxf4 Rxb3 25. axb3 g5 26. Rf5 g4 27. Rg5+ Kh8 28. Rxg4 Rg8 29. Rxg8+ Kxg8 30. bxc6 Qxc6 31. Be7 a6 32. Rf1 Qb5 33. Rf3 f5 34. Bf6 Kf7 35. Be5 Ke6 36. Ng5+ Kd5 37. Rxf5 Qe2 38. Nf3 Ke4 39. Rf4+ Kd3 40. d5 Kc2 41. b4 Qd1+ 42. Kh2 Qxd5 43. Rd4 Qf7 44. Rh4 h5 45. Bg3 b6 46. Rd4 a5 47. bxa5 bxa5 48. Ra4 Qd5 49. Nd4+ Kc3 50. Ne2+ Kb3 51. Rd4 Qc5 52. Rd3+ Kc2 53. Rf3 a4 54. Rc3+ Qxc3 55. Nxc3 Kxc3 56. Be5+ Kd3 57. Kh3 Ke2 58. Kh4 Kf2 59. g3 a3 60. Kxh5 Kf3 61. g4 Ke4 62. Ba1 1-0


[Site "https://www.chess.com"]

[Event "Titled Tuesday Blitz November 14 Early 2023"]
[White "Lymar, Vladislav"]
[Black "Haitin, Ilja"]
[WhiteFideId "14162180"]
[BlackFideId "4501764"]
[WhiteElo "2577"]
[BlackElo "2416"]
[Result "0-1"]
[Round "5"]
[TimeControl "180+1"]
[Date "2023.11.14"]
[WhiteClock "0:00:03"]
[BlackClock "0:00:11"]
[Board "115"]

1. d4 d5 2. c4 dxc4 3. Nf3 Nf6 4. e3 Bg4 5. Bxc4 e6 6. h3 Bh5 7. g4 Bg6 8. Nc3 Nbd7 9. O-O h5 10. g5 Ne4 11. h4 Bd6 12. Qb3 Nxc3 13. bxc3 Be4 14. Nd2 Bc6 15. e4 Nb6 16. Bd3 O-O 17. f4 Ba4 18. Qb1 c5 19. Nf3 Rc8 20. e5 Be7 21. f5 exf5 22. Bxf5 cxd4 23. Bxc8 Qxc8 24. cxd4 Qg4+ 25. Kf2 Bc6 26. Qd3 Be4 27. Qe3 Nd5 28. Qe2 Bxf3 29. Qxf3 Qxd4+ 30. Be3 Nxe3 31. Qxe3 Qxh4+ 32. Qg3 Qd4+ 33. Kg2 Rc8 34. Rac1 Rxc1 35. Rxc1 Qd2+ 36. Kh3 Qxc1 37. g6 Qh1+ 38. Qh2 Qxh2+ 39. Kxh2 fxg6 40. e6 Kf8 0-1


[Site "https://www.chess.com"]

[Event "Titled Tuesday Blitz November 14 Early 2023"]
[White "Jaskolka, Tomasz"]
[Black "Goldin, Roman"]
[WhiteFideId "1170791"]
[BlackFideId "2803860"]
[WhiteElo "2577"]
[BlackElo "2408"]
[Result "0-1"]
[Round "5"]
[TimeControl "180+1"]
[Date "2023.11.14"]
[WhiteClock "0:00:08"]
[BlackClock "0:00:08"]
[Board "116"]

1. e4 Nc6 2. d4 e5 3. d5 Nce7 4. f4 Ng6 5. Nf3 exf4 6. h4 h5 7. Nc3 Bc5 8. Bd3 d6 9. Qe2 Qe7 10. Bd2 Nf6 11. O-O-O Ng4 12. Rde1 N4e5 13. Na4 Bb6 14. Nxb6 axb6 15. Kb1 Bg4 16. Bc3 O-O 17. Qf2 Rfe8 18. Nxe5 dxe5 19. Bb5 Rec8 20. g3 fxg3 21. Qxg3 c6 22. dxc6 bxc6 23. Bc4 b5 24. Bb3 Be6 25. Bxe6 Qxe6 26. b3 c5 27. Qg5 b4 28. Bb2 Qa6 29. Qxh5 Qxa2+ 30. Kc1 c4 31. bxc4 Rxc4 32. Qe2 Rac8 33. Rh2 b3 34. c3 Rxc3+ 35. Bxc3 Rxc3+ 36. Kd1 Qb1+ 37. Kd2 Qc2# 0-1


[Site "https://www.chess.com"]

[Event "Titled Tuesday Blitz November 14 Early 2023"]
[White "aghasiyevkamal"]
[Black "Cheer_Down"]
[WhiteElo "2572"]
[BlackElo "2399"]
[Result "1/2-1/2"]
[Round "5"]
[TimeControl "180+1"]
[Date "2023.11.14"]
[WhiteClock "0:00:20"]
[BlackClock "0:01:17"]
[Board "117"]

1. e4 e5 2. Nf3 Nc6 3. Bc4 Nf6 4. d3 Bc5 5. c3 O-O 6. O-O d6 7. Bb3 h6 8. Nbd2 Re8 9. h3 Be6 10. Re1 d5 11. Qe2 a6 12. Nf1 Qd7 13. Be3 d4 14. Bd2 Rad8 15. Bxe6 Rxe6 16. c4 a5 17. Ng3 Bf8 18. a3 g6 19. Nh2 a4 20. Rf1 Rb8 21. f4 exf4 22. Bxf4 b5 23. cxb5 Rxb5 24. Rf2 Ne5 25. Raf1 Bg7 26. Nf3 Nxf3+ 27. Qxf3 Reb6 28. Bc1 Rb3 29. Qe2 Re6 30. Qc2 Rc6 31. Qe2 Re6 32. Qc2 Rc6 33. Qe2 Re6 1/2-1/2


[Site "https://www.chess.com"]

[Event "Titled Tuesday Blitz November 14 Early 2023"]
[White "Jamal-Jamal-Jamal"]
[Black "Sharapov, Evgeny"]
[BlackFideId "14103133"]
[WhiteElo "2397"]
[BlackElo "2570"]
[Result "1-0"]
[Round "5"]
[TimeControl "180+1"]
[Date "2023.11.14"]
[WhiteClock "0:00:24"]
[BlackClock "0:00:31"]
[Board "118"]

1. e4 c5 2. Nf3 d6 3. d4 cxd4 4. Nxd4 Nf6 5. Nc3 Nc6 6. Bg5 e6 7. Qd3 Be7 8. O-O-O Nxd4 9. Qxd4 O-O 10. h4 Qa5 11. f3 Rd8 12. Kb1 Bd7 13. g4 Bc6 14. Be3 e5 15. Qd2 Kh8 16. g5 Nh5 17. Bc4 f6 18. Bb3 Rac8 19. Rhg1 b5 20. g6 b4 21. Nd5 Bxd5 22. Bxd5 Qb5 23. gxh7 a5 24. f4 exf4 25. Bxf4 a4 26. Be3 a3 27. b3 Rc3 28. Bd4 Rh3 29. Qg2 Rg3 30. Qf2 Rxg1 31. Rxg1 Rc8 32. Qf3 Bf8 33. Qxh5 Qd7 34. Qf7 Qxf7 35. Bxf7 Kxh7 36. h5 Rd8 37. c4 Rc8 38. Kc2 Rc7 39. Bg6+ Kh8 40. h6 Re7 41. Rh1 Kg8 42. Kd3 Rc7 43. Bf5 Ra7 44. Bxa7 1-0


[Site "https://www.chess.com"]

[Event "Titled Tuesday Blitz November 14 Early 2023"]
[White "Ambartsumova, Karina"]
[Black "Dmitrenko, Viktor"]
[WhiteFideId "4166299"]
[BlackFideId "14110270"]
[WhiteElo "2570"]
[BlackElo "2376"]
[Result "1-0"]
[Round "5"]
[TimeControl "180+1"]
[Date "2023.11.14"]
[WhiteClock "0:00:33"]
[BlackClock "0:00:00"]
[Board "119"]

1. d4 d5 2. c4 e6 3. Nc3 a6 4. cxd5 exd5 5. Nf3 Nf6 6. Bf4 Be6 7. e3 Bd6 8. Be5 O-O 9. Bd3 Qe7 10. Qc2 Nbd7 11. O-O h6 12. h3 c6 13. Bxd6 Qxd6 14. Rab1 Rfc8 15. b4 b5 16. a4 Nb6 17. Ne5 Nc4 18. Bxc4 bxc4 19. f4 Rab8 20. Na2 Ne4 21. f5 Bd7 22. Nc3 Nf6 23. Qd2 Rb7 24. e4 dxe4 25. Nxc4 Qe7 26. Ne5 Rcb8 27. Na2 Qd6 28. Rbc1 Be8 29. Rc5 Nd5 30. Rfc1 Nxb4 31. Nxb4 Rxb4 32. Nc4 1-0


[Site "https://www.chess.com"]

[Event "Titled Tuesday Blitz November 14 Early 2023"]
[White "Skaric, Djuro"]
[Black "Vestby-Ellingsen, Mads"]
[WhiteFideId "934569"]
[BlackFideId "1520857"]
[WhiteElo "2381"]
[BlackElo "2566"]
[Result "0-1"]
[Round "5"]
[TimeControl "180+1"]
[Date "2023.11.14"]
[WhiteClock "0:00:51"]
[BlackClock "0:00:25"]
[Board "120"]

1. g3 e5 2. Bg2 f5 3. d3 Nf6 4. Nc3 Be7 5. Nf3 d6 6. e4 O-O 7. exf5 Bxf5 8. O-O Nc6 9. h3 Qd7 10. Kh2 Rae8 11. Nh4 Be6 12. Ne4 Nxe4 13. dxe4 Bxh4 14. gxh4 h6 15. Be3 Qe7 16. Qh5 Nb4 17. Rg1 Kh7 18. Bf3 Qf7 19. Qxf7 Bxf7 20. Bd2 Nxc2 21. Rac1 Nd4 22. Bd1 Bg6 23. Rxc7 Rxf2+ 24. Rg2 Rxg2+ 25. Kxg2 Bxe4+ 26. Kh2 Rf8 27. Be3 Rf1 28. Bb3 Rh1+ 29. Kg3 Nf5+ 30. Kf2 Rh2+ 31. Kg1 Rg2+ 32. Kf1 Nxe3+ 33. Ke1 Bd3 34. Rxb7 Re2# 0-1


[Site "https://www.chess.com"]

[Event "Titled Tuesday Blitz November 14 Early 2023"]
[White "FREDERICKtheMATE"]
[Black "Garrido, Denis"]
[BlackFideId "601217"]
[WhiteElo "2562"]
[BlackElo "2355"]
[Result "1-0"]
[Round "5"]
[TimeControl "180+1"]
[Date "2023.11.14"]
[WhiteClock "0:01:37"]
[BlackClock "0:00:07"]
[Board "121"]

1. Nf3 d5 2. c4 c6 3. b3 Nf6 4. Bb2 Bf5 5. g3 h6 6. Bg2 e6 7. O-O Be7 8. d3 O-O 9. Nbd2 Nbd7 10. Qc2 a5 11. a3 Bh7 12. Rad1 Qb8 13. Rfe1 b5 14. Nd4 Rc8 15. e4 dxe4 16. dxe4 Qb6 17. N2f3 Nc5 18. Ne5 a4 19. b4 Nb3 20. Nxb3 axb3 21. Qxb3 c5 22. cxb5 Qxb5 23. Qd3 Qxd3 24. Nxd3 c4 25. Ne5 c3 26. Bc1 Ne8 27. Nd3 Nd6 28. e5 Nb5 29. Bxa8 Rxa8 30. Nc5 c2 31. Rd7 Bxc5 32. bxc5 Nxa3 33. c6 Nb5 34. c7 1-0


[Site "https://www.chess.com"]

[Event "Titled Tuesday Blitz November 14 Early 2023"]
[White "Ozates, Tuna"]
[Black "MIss_MIaMI"]
[WhiteFideId "6354521"]
[WhiteElo "2561"]
[BlackElo "2353"]
[Result "1-0"]
[Round "5"]
[TimeControl "180+1"]
[Date "2023.11.14"]
[WhiteClock "0:01:47"]
[BlackClock "0:00:28"]
[Board "122"]

1. e4 c5 2. Nf3 e6 3. d4 cxd4 4. Nxd4 a6 5. Nc3 Qc7 6. g3 Bb4 7. Bd2 b5 8. Bg2 Bb7 9. O-O Bc5 10. Be3 Nf6 11. Ndxb5 axb5 12. Nxb5 Qb6 13. Bxc5 Qxc5 14. Nd6+ Ke7 15. Nxb7 Qb6 16. Nd6 Qxb2 17. Rb1 Qxa2 18. e5 Nd5 19. Qg4 g6 20. c4 Nc3 21. Qg5+ Kf8 22. Qd8+ Kg7 23. Qf6+ Kh6 24. Nxf7+ Kh5 25. Bf3# 1-0


[Site "https://www.chess.com"]

[Event "Titled Tuesday Blitz November 14 Early 2023"]
[White "Bilan, Danila"]
[Black "KorolDimitriy75"]
[WhiteFideId "24161918"]
[WhiteElo "2554"]
[BlackElo "2351"]
[Result "1-0"]
[Round "5"]
[TimeControl "180+1"]
[Date "2023.11.14"]
[WhiteClock "0:00:36"]
[BlackClock "0:00:00"]
[Board "123"]

1. d4 Nf6 2. Nf3 g6 3. Bg5 Bg7 4. Nbd2 c5 5. e3 d5 6. c3 cxd4 7. exd4 O-O 8. Bd3 Nc6 9. O-O a6 10. a4 h6 11. Bh4 Be6 12. Re1 Qd7 13. Nb3 b6 14. Qe2 a5 15. Bxg6 Ne4 16. Bh5 Bg4 17. Bxg4 Qxg4 18. Nbd2 f5 19. Qb5 Rac8 20. Qxd5+ Kh8 21. Nxe4 fxe4 22. Rxe4 Qg6 23. Re6 Qf5 24. Qxf5 Rxf5 25. Bxe7 Nxe7 26. Rxe7 b5 27. Rb7 b4 28. Rc1 1-0


[Site "https://www.chess.com"]

[Event "Titled Tuesday Blitz November 14 Early 2023"]
[White "Pham, Le Thao Nguyen"]
[Black "Lebedev, Artem S."]
[WhiteFideId "12401226"]
[BlackFideId "34272747"]
[WhiteElo "2549"]
[BlackElo "2342"]
[Result "1-0"]
[Round "5"]
[TimeControl "180+1"]
[Date "2023.11.14"]
[WhiteClock "0:00:16"]
[BlackClock "0:00:00"]
[Board "124"]

1. d4 Nf6 2. Nf3 c5 3. c3 d5 4. Bf4 Nc6 5. e3 Qb6 6. Qb3 c4 7. Qc2 Bf5 8. Qc1 h6 9. h3 e6 10. Nbd2 Be7 11. Be2 O-O 12. O-O a5 13. a4 Rac8 14. Re1 Bh7 15. Bd1 Rfe8 16. Bc2 Qd8 17. e4 dxe4 18. Nxe4 Nxe4 19. Bxe4 Bxe4 20. Rxe4 Qd5 21. Qe3 Bf6 22. Re1 b5 23. Bxh6 bxa4 24. Rg4 Kf8 25. Qf4 Qf5 26. Qd6+ Ne7 27. Bf4 Red8 28. Qa3 Qb5 29. Bd6 Qb3 30. Ne5 Qxa3 31. Bxa3 Kg8 32. Re3 Nf5 33. Rf3 Bxe5 34. dxe5 Rd3 35. Rff4 Rd1+ 36. Kh2 Nh6 37. Rh4 g5 38. Rxc4 Rxc4 39. Rxc4 Nf5 40. Rxa4 Rd2 41. Kg1 Rd1+ 42. Kh2 Rd2 43. Bc5 Rxb2 44. Rxa5 Rc2 45. Bd4 Nxd4 46. cxd4 Rxf2 47. d5 exd5 48. Rxd5 Kg7 49. e6 fxe6 50. Rxg5+ Kf6 51. Rg3 Ra2 52. Rf3+ Kg6 53. Kg3 e5 54. Re3 Ra5 55. Kg4 Ra4+ 56. Kf3 Kf5 57. g4+ Kf6 58. h4 Rf4+ 59. Kg3 Ra4 60. Rf3+ Kg6 61. h5+ Kg7 62. Rf5 e4 63. Re5 Kf6 64. Re8 Kf7 65. Re5 Kf6 66. Rf5+ Kg7 67. Rf4 Ra3+ 68. Kh4 e3 69. Re4 Kh7 70. Re7+ Kh8 71. h6 Kg8 72. g5 Ra4+ 73. Kh5 Ra1 74. h7+ Kh8 75. Kh6 Ra6+ 76. g6 1-0


[Site "https://www.chess.com"]

[Event "Titled Tuesday Blitz November 14 Early 2023"]
[White "Zaksaite, Salomeja"]
[Black "Lima, Kleyton Alcantara"]
[WhiteFideId "12801496"]
[BlackFideId "22718397"]
[WhiteElo "2342"]
[BlackElo "2549"]
[Result "0-1"]
[Round "5"]
[TimeControl "180+1"]
[Date "2023.11.14"]
[WhiteClock "0:00:00"]
[BlackClock "0:01:46"]
[Board "125"]

1. d4 Nf6 2. Nc3 d5 3. Bf4 e6 4. Nf3 Bb4 5. Bd2 O-O 6. e3 c5 7. dxc5 Bxc5 8. Bd3 Nc6 9. O-O e5 10. e4 d4 11. Na4 Be7 12. c4 h6 13. a3 Be6 14. b4 Rc8 15. Nb2 b6 16. h3 a5 17. Qb3 axb4 18. axb4 b5 19. Ra6 Qc7 20. Rc1 Qb7 21. Rca1 bxc4 22. Nxc4 Qb5 23. Qc2 Nxb4 24. Bxb4 Bxb4 25. Qe2 Bxc4 26. Bxc4 Qxc4 27. Qxc4 Rxc4 28. Nxe5 Rc2 29. Nd3 Bc3 30. R1a4 Nxe4 31. Ra8 Rxa8 32. Rxa8+ Kh7 33. Re8 Rd2 0-1


[Site "https://www.chess.com"]

[Event "Titled Tuesday Blitz November 14 Early 2023"]
[White "LouieKov2022"]
[Black "Bobomurodova, Maftuna"]
[BlackFideId "14207400"]
[WhiteElo "2547"]
[BlackElo "2331"]
[Result "1-0"]
[Round "5"]
[TimeControl "180+1"]
[Date "2023.11.14"]
[WhiteClock "0:00:40"]
[BlackClock "0:00:00"]
[Board "126"]

1. e4 e5 2. d4 exd4 3. Qxd4 Nc6 4. Qc4 d6 5. Nc3 Be6 6. Nd5 Nf6 7. Be3 Be7 8. f3 a6 9. O-O-O Qd7 10. Ne2 b5 11. Qc3 Bxd5 12. exd5 Nd8 13. g4 h6 14. h4 Nb7 15. Ng3 Kf8 16. Nf5 h5 17. Bh3 Qd8 18. Nxg7 Kxg7 19. g5 Rg8 20. Bd4 Kh8 21. Rde1 Re8 22. Re2 Kg8 23. gxf6 Bf8 24. Rg2+ Kh8 25. Qd2 Nc5 26. Qg5 1-0


[Site "https://www.chess.com"]

[Event "Titled Tuesday Blitz November 14 Early 2023"]
[White "Santos Flores, Alberto"]
[Black "Goswami, Vedant"]
[WhiteFideId "3601234"]
[BlackFideId "5003725"]
[WhiteElo "2546"]
[BlackElo "2330"]
[Result "1-0"]
[Round "5"]
[TimeControl "180+1"]
[Date "2023.11.14"]
[WhiteClock "0:00:49"]
[BlackClock "0:00:02"]
[Board "127"]

1. e4 d6 2. d4 Nf6 3. Nc3 c6 4. Be3 b5 5. Bd3 Nbd7 6. Nf3 e5 7. Qd2 Be7 8. O-O-O a5 9. Kb1 a4 10. g4 b4 11. Ne2 Nxg4 12. Rhg1 Nxe3 13. Qxe3 Bf6 14. dxe5 dxe5 15. h4 Qb6 16. Qd2 b3 17. cxb3 axb3 18. a3 Nc5 19. Ng3 Bg4 20. Qe3 O-O-O 21. Nf5 Bxf5 22. exf5 Kc7 23. Be4 Nxe4 24. Qxe4 Qxf2 25. Rc1 Rd6 26. Nxe5 Qd4 27. Rxc6+ Kb8 28. Qxd4 Rxd4 29. Nc4 Re8 30. Rc1 Re2 31. Rb6+ Ka7 32. Rxb3 Rxh4 33. Nd6 Rhh2 34. Rb7+ Ka6 35. Rc6+ Ka5 36. Nc4+ Ka4 37. Rb4# 1-0


[Site "https://www.chess.com"]

[Event "Titled Tuesday Blitz November 14 Early 2023"]
[White "Ben Artzi, Ido"]
[Black "Ardila, Oscar Humberto"]
[WhiteFideId "2810913"]
[BlackFideId "4404742"]
[WhiteElo "2541"]
[BlackElo "2328"]
[Result "1-0"]
[Round "5"]
[TimeControl "180+1"]
[Date "2023.11.14"]
[WhiteClock "0:00:06"]
[BlackClock "0:00:05"]
[Board "128"]

1. e4 e5 2. Nf3 Nf6 3. Nc3 Nc6 4. d4 exd4 5. Nxd4 Bb4 6. Nxc6 bxc6 7. Bd3 d5 8. exd5 cxd5 9. O-O O-O 10. h3 c6 11. Qf3 Bd6 12. Bf4 Rb8 13. b3 Qc7 14. Ne2 Re8 15. Bxd6 Qxd6 16. Ng3 Bd7 17. Rfe1 Qb4 18. c3 Qc5 19. b4 Qd6 20. Nf5 Bxf5 21. Bxf5 a5 22. bxa5 Qa3 23. g4 h6 24. h4 Qxa5 25. g5 hxg5 26. hxg5 Ne4 27. g6 Qc7 28. Qh3 Nf6 29. gxf7+ Qxf7 30. Be6 Rxe6 31. Qxe6 Ne4 32. Qxf7+ Kxf7 33. Re3 Rb2 34. Rf3+ Ke6 35. a4 Rb7 36. a5 Ra7 37. Re3 Kd6 38. f3 Nc5 39. f4 Nb3 40. Ra3 Nxa5 41. Re2 c5 42. Rea2 Rf7 43. Rxa5 Rxf4 44. Ra7 Rg4+ 45. Kf2 Rf4+ 46. Ke3 Re4+ 47. Kf3 c4 48. R2a6+ Kc5 49. Rxg7 Re1 50. Ra5+ Kb6 51. Rxd5 Rc1 52. Rg6+ Kc7 53. Rc5+ Kd7 54. Rxc4 1-0


[Site "https://www.chess.com"]

[Event "Titled Tuesday Blitz November 14 Early 2023"]
[White "Kraus, Tomas"]
[Black "RodokininEV"]
[WhiteFideId "331708"]
[WhiteElo "2323"]
[BlackElo "2538"]
[Result "1-0"]
[Round "5"]
[TimeControl "180+1"]
[Date "2023.11.14"]
[WhiteClock "0:00:05"]
[BlackClock "0:00:09"]
[Board "129"]

1. e4 c5 2. Nc3 Na6 3. f4 Nc7 4. Nf3 e6 5. g3 d5 6. d3 Nf6 7. Qe2 Be7 8. Bg2 O-O 9. O-O Rb8 10. a4 Na6 11. Nd1 Nb4 12. c3 Nc6 13. e5 Ng4 14. h3 Nh6 15. g4 Kh8 16. Ne3 a6 17. g5 Nf5 18. Nxf5 exf5 19. Qf2 Qc7 20. h4 Nd8 21. Qg3 Ne6 22. h5 d4 23. c4 b5 24. axb5 axb5 25. b3 Bb7 26. Nh4 Bxg2 27. Kxg2 Ra8 28. Bd2 g6 29. hxg6 fxg6 30. Qh2 Qb7+ 31. Nf3 Kg7 32. Qh6+ Kg8 33. Rh1 Rf7 34. Kf2 bxc4 35. bxc4 Rxa1 36. Rxa1 Qb2 37. Ra8+ Rf8 38. Ra7 Rf7 39. Ra8+ Rf8 40. Ra7 Re8 41. Qh4 Qc2 42. Ke2 Qb3 43. Qh2 Qb6 44. Ra2 Qb7 45. Qh1 Rb8 46. Qa1 Bf8 47. Ra7 Qc6 48. Qa6 Rb6 49. Qa4 Qxa4 50. Rxa4 Rb2 51. Kd1 Rb1+ 52. Ke2 Rh1 53. Ra6 Kf7 54. Ra7+ Be7 55. Rb7 Rh3 56. Kf2 h6 57. gxh6 Rxh6 58. Rb6 Rh3 59. Kg2 Rh5 60. Kf2 Rh8 61. Kg2 Rg8 62. Kf2 g5 63. fxg5 Bxg5 64. Nxg5+ Nxg5 65. Bxg5 Rxg5 66. Rc6 f4 67. Rxc5 Ke6 68. Kf3 Kf5 69. e6+ Kf6 70. Rxg5 Kxg5 71. e7 1-0


[Site "https://www.chess.com"]

[Event "Titled Tuesday Blitz November 14 Early 2023"]
[White "Osmonbekov, Talaibek"]
[Black "Yaksin, Oleg"]
[WhiteFideId "2017253"]
[BlackFideId "24105880"]
[WhiteElo "2322"]
[BlackElo "2537"]
[Result "0-1"]
[Round "5"]
[TimeControl "180+1"]
[Date "2023.11.14"]
[WhiteClock "0:00:00"]
[BlackClock "0:00:11"]
[Board "130"]

1. d4 Nf6 2. Nc3 d5 3. Bf4 a6 4. e3 g6 5. Nf3 Bg7 6. Ne5 O-O 7. h4 c5 8. h5 Nxh5 9. Rxh5 gxh5 10. Qxh5 Nd7 11. Bd3 f5 12. O-O-O c4 13. Rh1 Nf6 14. Qh3 cxd3 15. cxd3 Qe8 16. Nxd5 h5 17. Nc7 Qa4 18. Nxa8 Be6 19. Nb6 Qxa2 20. Nec4 Qb3 21. e4 Bxc4 22. Nxc4 b5 23. Qxf5 bxc4 24. Qe6+ Rf7 25. dxc4 Qb7 0-1


[Site "https://www.chess.com"]

[Event "Titled Tuesday Blitz November 14 Early 2023"]
[White "Ruge, Edison"]
[Black "Bettalli, Francesco"]
[WhiteFideId "4401000"]
[BlackFideId "2816453"]
[WhiteElo "2321"]
[BlackElo "2537"]
[Result "1-0"]
[Round "5"]
[TimeControl "180+1"]
[Date "2023.11.14"]
[WhiteClock "0:00:54"]
[BlackClock "0:00:04"]
[Board "131"]

1. e4 g6 2. d4 Bg7 3. Nc3 c6 4. Be2 d5 5. e5 h5 6. h3 Nh6 7. Nf3 h4 8. Nxh4 Nf5 9. Nxf5 Bxf5 10. Be3 Nd7 11. g4 Be4 12. f3 Bxc2 13. Qxc2 Qa5 14. a3 O-O-O 15. b4 Qc7 16. Kf2 Nxe5 17. dxe5 d4 18. Bf4 dxc3 19. Qxc3 g5 20. Bg3 Qb6+ 21. Kg2 Rd7 22. Rad1 Rhd8 23. Rxd7 Rxd7 24. Rd1 Rxd1 25. Bxd1 Qa6 26. Qd2 f6 27. Qe3 fxe5 28. Be2 Qa4 29. Bxe5 Bxe5 30. Qxe5 Qxa3 31. Qxe7 Qb2 32. Kf2 Qd4+ 33. Qe3 Qb2 34. Qxg5 Qxb4 35. h4 a5 36. h5 a4 37. h6 a3 38. Qg7 Qc5+ 39. Kg2 Qc2 40. Kf2 Qc5+ 41. Kg3 Qg1+ 42. Kf4 Qc1+ 43. Kf5 Qb1+ 44. Kf6 Qb2+ 45. Kg6 Qc2+ 46. Kh5 Qxe2 47. h7 Qh2+ 48. Kg6 Qc2+ 49. Kf7 Qc4+ 50. Kf8 Qc5+ 51. Qe7 Qc3 52. Kg8 a2 53. Qe6+ Kc7 54. Qxa2 Qxf3 55. h8=Q Qxg4+ 56. Qg7+ Qxg7+ 57. Kxg7 b5 58. Kf6 Kb6 59. Ke5 Kc5 60. Qc2+ Kb4 61. Qxc6 1-0


[Site "https://www.chess.com"]

[Event "Titled Tuesday Blitz November 14 Early 2023"]
[White "brm72"]
[Black "Spichkin, Alexander"]
[BlackFideId "4144074"]
[WhiteElo "2537"]
[BlackElo "2313"]
[Result "1-0"]
[Round "5"]
[TimeControl "180+1"]
[Date "2023.11.14"]
[WhiteClock "0:00:17"]
[BlackClock "0:00:46"]
[Board "132"]

1. e4 e5 2. Nf3 d5 3. exd5 e4 4. Qe2 Nf6 5. Nc3 Be7 6. Nxe4 Nxd5 7. d3 O-O 8. Bd2 Re8 9. O-O-O f5 10. Ng3 Nc3 11. Bxc3 Bg5+ 12. Nxg5 Rxe2 13. Bxe2 Qxg5+ 14. Kb1 Nc6 15. h4 Qe7 16. Bf3 Bd7 17. Rhe1 Qc5 18. d4 Qc4 19. d5 Nb4 20. a3 Qa2+ 21. Kc1 Nxc2 22. Kxc2 Ba4+ 23. Kd2 Bxd1 24. Rxd1 Qc4 25. Kc2 Re8 26. d6 Qf4 27. d7 Rd8 28. Rd4 Qh6 29. Nxf5 Qe6 30. Bd5 Kf7 31. Bxe6+ Kxe6 32. Nxg7+ Kf7 33. Nf5 Ke6 34. Ng7+ Kf7 35. Rd2 c5 36. h5 b5 37. b4 c4 38. Ne8 Ke7 39. Bf6+ Ke6 40. Bxd8 Kf5 41. Bc7 Kg4 42. d8=Q 1-0


[Site "https://www.chess.com"]

[Event "Titled Tuesday Blitz November 14 Early 2023"]
[White "Senft, Sean"]
[Black "vishwa_vijeta"]
[WhiteFideId "2044960"]
[WhiteElo "2296"]
[BlackElo "2533"]
[Result "0-1"]
[Round "5"]
[TimeControl "180+1"]
[Date "2023.11.14"]
[WhiteClock "0:02:12"]
[BlackClock "0:01:14"]
[Board "133"]

1. d4 Nf6 2. c4 g6 3. Nc3 d5 4. Bg5 Ne4 5. Bh4 Nxc3 6. bxc3 dxc4 7. e3 Be6 8. Nf3 Bg7 9. Qb1 b6 10. Ng5 Bd5 11. e4 h6 12. Nh3 Bb7 13. Bxc4 c5 14. Bb5+ Nd7 15. e5 Bxg2 16. Rg1 Bxh3 17. Rxg6 fxg6 18. Qxg6+ Kf8 19. e6 Bxe6 20. Qxe6 Bf6 21. Bc4 Qe8 22. Bg3 cxd4 23. Bb5 Nc5 24. Qc4 Qf7 0-1


[Site "https://www.chess.com"]

[Event "Titled Tuesday Blitz November 14 Early 2023"]
[White "Witty_Alien"]
[Black "Molenda, Marcin"]
[BlackFideId "1173065"]
[WhiteElo "2270"]
[BlackElo "2529"]
[Result "0-1"]
[Round "5"]
[TimeControl "180+1"]
[Date "2023.11.14"]
[WhiteClock "0:00:00"]
[BlackClock "0:01:54"]
[Board "134"]

1. e4 c5 2. Nf3 e6 3. d4 cxd4 4. c3 dxc3 5. Bd3 Nc6 6. O-O d6 7. Re1 Nf6 8. Nxc3 Be7 9. b3 O-O 10. Bb2 a6 11. Rc1 Bd7 12. Re3 Rc8 13. Ng5 h6 14. h4 Ne5 15. Bb1 hxg5 16. hxg5 Nfg4 17. Rg3 Bxg5 18. Rxg4 Nxg4 19. Qxg4 Bxc1 20. Ba1 e5 21. Qd1 Bh6 22. Nd5 Be6 23. Bb2 Bxd5 24. exd5 Qg5 25. Qd3 g6 26. g3 Rc1+ 27. Kg2 Rxb1 28. Qxb1 Rc8 29. f4 exf4 30. Qe4 Qxg3+ 31. Kf1 f3 32. Qe8+ Rxe8 0-1


[Site "https://www.chess.com"]

[Event "Titled Tuesday Blitz November 14 Early 2023"]
[White "Tifferet, Shaked"]
[Black "Liu, Leonardo"]
[WhiteFideId "2811529"]
[BlackFideId "30965780"]
[WhiteElo "2528"]
[BlackElo "2266"]
[Result "1-0"]
[Round "5"]
[TimeControl "180+1"]
[Date "2023.11.14"]
[WhiteClock "0:01:43"]
[BlackClock "0:02:07"]
[Board "135"]

1. e4 c5 2. Nf3 g6 3. Nc3 Bg7 4. h4 Nc6 5. h5 Nd4 6. Bc4 e6 7. d3 Ne7 8. Kf1 d5 9. exd5 exd5 10. Bb3 Bg4 11. Bg5 f6 12. h6 fxg5 13. hxg7 Rg8 14. Ba4+ Nec6 15. Qe1+ Qe7 16. Nxd5 Qxe1+ 17. Rxe1+ Kf7 18. Nxg5+ Kxg7 19. Rxh7+ Kf8 20. Rf7# 1-0


[Site "https://www.chess.com"]

[Event "Titled Tuesday Blitz November 14 Early 2023"]
[White "Skibbe, Willi"]
[Black "Manukian, Artak"]
[WhiteFideId "4682190"]
[BlackFideId "13301373"]
[WhiteElo "2249"]
[BlackElo "2527"]
[Result "0-1"]
[Round "5"]
[TimeControl "180+1"]
[Date "2023.11.14"]
[WhiteClock "0:01:18"]
[BlackClock "0:01:51"]
[Board "136"]

1. e4 c6 2. Nf3 d5 3. exd5 cxd5 4. Ne5 Nc6 5. Bb5 Bd7 6. Nxd7 Qxd7 7. d4 e6 8. c3 Bd6 9. O-O Nge7 10. Bd3 Ng6 11. g3 O-O 12. f4 f5 13. Re1 Rfe8 14. Nd2 Nd8 15. Nf3 Nf7 16. Be3 Nf8 17. Qb3 a6 18. Ne5 Nxe5 19. dxe5 Be7 20. Rad1 Rec8 21. c4 d4 22. Bf1 Bc5 23. Qd3 dxe3 24. Qxd7 Nxd7 25. Rxd7 e2+ 0-1


[Site "https://www.chess.com"]